 Dungeon Crawl Stone Soup version 0.28.0-45-g0d030f2227 (webtiles) character file.

Game seed: 7232404261661491905

290 Ablot the Cutter (level 6, -42/42 HPs)
             Began as a Gnoll Chaos Knight on Apr 11, 2022.
             Was a Plaything of Xom.
             Annihilated by an ogre
             ... wielding a +3 giant spiked club of chaos
              (46 damage)
             ... on level 4 of the Dungeon.
             The game lasted 00:04:30 (3930 turns).

Ablot the Cutter (Gnoll Chaos Knight)               Turns: 3930, Time: 00:04:31

Health: -42/42     AC:  7    Str: 13      XL:     6   Next: 32%
Magic:  8/8        EV: 11    Int: 10      God:    Xom [*.....]
Gold:   150        SH:  0    Dex:  4 (15) Spells: 7/8 levels left

rFire   . . .      SeeInvis .   a - +0 short sword (chaos)
rCold   . . .      Faith    .   (no shield)
rNeg    . . .      Spirit   .   b - +2 leather armour
rPois   .          Reflect  .   w - +1 helmet of Pantheism {Dex+4}
rElec   .          Harm     .   (no cloak)
rCorr   .          Rampage  .   (no gloves)
Will    .....                   (no boots)
Stlth   +.........              (no amulet)
HPRegen 0.14/turn               (no ring)
MPRegen 0.11/turn               (no ring)

@: unable to read
A: fangs 1, strong nose, distributed training, talons 1, dopey 1, frail 2,
inability to read while threatened
a: Renounce Religion


You were on level 4 of the Dungeon.
You worshipped Xom.
You were a special plaything of Xom.
You visited 1 branch of the dungeon, and saw 4 of its levels.

You collected 150 gold pieces.

Inventory:

Hand Weapons
 a - a +0 short sword of chaos (weapon)
Missiles
 d - 165 stones
 k - 45 arrows
 p - 3 javelins (quivered)
 q - 37 sling bullets
 u - 10 bolts
Armour
 b - a +2 leather armour (worn)
 w - the +1 helmet of Pantheism (worn) {Dex+4}
   (You took it off Robin on level 4 of the Dungeon)

   Dex:       It affects your dexterity (+4).
Magical Staves
 s - a staff of earth
Scrolls
 c - a scroll of immolation {unknown}
 f - 3 scrolls of identify {unknown}
 g - 2 scrolls of enchant armour {unknown}
 j - a scroll of silence {unknown}
 l - a scroll of enchant weapon {unknown}
 m - a scroll of amnesia {unknown}
 n - a scroll of blinking {unknown}
 o - a scroll of teleportation {unknown}
 r - a scroll of holy word {unknown}
 v - a scroll of noise {unknown}
 x - 3 scrolls of vulnerability {unknown}
 y - a scroll of magic mapping {unknown}
Potions
 e - a potion of invisibility {unknown}
 h - 2 potions of brilliance {unknown}
 i - a potion of curing {unknown}
 t - a potion of haste {unknown}
 z - a potion of cancellation {unknown}


   Skills:
 + Level 6.8 Fighting
 + Level 6.8 Short Blades
 + Level 1.9 Long Blades
 + Level 1.9 Axes
 + Level 1.9 Maces & Flails
 + Level 1.9 Polearms
 + Level 1.9 Staves
 + Level 1.9 Slings
 + Level 1.9 Bows
 + Level 1.9 Crossbows
 + Level 1.9 Throwing
 + Level 4.9 Armour
 + Level 3.2 Dodging
 + Level 1.9 Stealth
 + Level 1.9 Shields
 + Level 1.9 Unarmed Combat
 + Level 1.9 Spellcasting
 + Level 1.5 Conjurations
 + Level 1.5 Hexes
 + Level 1.5 Summonings
 + Level 1.5 Necromancy
 + Level 1.5 Translocations
 + Level 1.5 Transmutations
 + Level 1.5 Fire Magic
 + Level 1.5 Ice Magic
 + Level 1.5 Air Magic
 + Level 1.5 Earth Magic
 + Level 1.5 Poison Magic
 + Level 2.1 Invocations
 + Level 1.9 Evocations


You had 7 spell levels left.
You knew the following spells:

 Your Spells              Type           Power      Damage    Failure   Level
a - Sting                 Tmut/Pois      12%        1d3       22%         1

Your spell library contained the following spells:

 Spells                   Type           Power      Damage    Failure   Level
 Poisonous Vapours        Pois/Air       6%         N/A       32%         2
 Call Canine Familiar     Summ           3%         N/A       54%         3
 Portal Projectile        Hex/Tloc       6%         N/A       54%         3
 Leda's Liquefaction      Hex/Erth       1%         N/A       91%         4
 Olgreb's Toxic Radiance  Pois           3%         N/A       91%         4


Dungeon Overview and Level Annotations

Branches:
Dungeon (4/15)
 Temple: D:4-7

Altars:
Zin


Innate Abilities, Weirdness & Mutations

You have very sharp teeth.
Your uncanny sense of smell can sniff out nearby items.
Your experience applies equally to all skills.
You have sharp toenails.
You are dopey. (Int -2)
You are very frail. (-20% HP)
You sometimes lose the ability to read scrolls when taking damage.


Message History

The giant cockroach is moderately wounded.
The javelin pierces through the adder.
The adder is moderately wounded.
The javelin closely misses the orc.
You hit the giant cockroach.
You kill the giant cockroach!
You hit the ogre. You bite the ogre.
The ogre is heavily wounded.
The ogre hits you with a +0 giant spiked club!
You hit the ogre.
The ogre seems to grow stronger.
Your bite misses the ogre.
The ogre is severely wounded.
Throw: 4 javelins
Press: ? - help, Q - select action, (/) - cycle Shift-Dir - straight line, f/p - orc
Aim: an orc, wielding a +0 whip (54% to hit)
You throw a javelin.
The javelin pierces through the ogre but does no damage.
The ogre is severely wounded.
The javelin misses the adder.
The javelin closely misses the orc. "Have a taste of chaos, mortal."
The ogre's +0 giant spiked club erupts in a glittering mayhem of colour.
The ogre hits you with a +3 giant spiked club of chaos!!
You feel threatened and lose the ability to read scrolls!
Ouch! That really hurt!
* * * LOW HITPOINT WARNING * * *
The ogre draws strength from your wounds!
You hit the ogre but do no damage. You claw the ogre, but do no damage.
You bite the ogre.
The ogre is severely wounded.
The ogre closely misses you.
Unknown command.
You barely miss the ogre.
The ogre is severely wounded.
Unknown command.
You hit the ogre.
The ogre flickers and vanishes!
Deactivating autopickup; reactivate with Ctrl-A.
Your kick misses something. Something hits you!!!
Ouch! That really hurt!
You die...
Xom laughs nastily!

##...##.#
##....##.#
#......#.#
#........#
#........#
#.......##
#.......#
##......#
##....@#
#####{# #S#
#o# ..#
#..# ##..#
...########
.#.........


You could see an adder and an orc.

Vanquished Creatures
  A phantom (D:4)
  A howler monkey (D:3)
  A hound skeleton (D:4)
  Robin (D:4)
  5 adders
  A river rat (D:2)
  A shadow imp (D:4)
  4 dart slugs
  An orc (D:3)
  8 endoplasms
  5 giant cockroaches
  17 goblins
  3 hobgoblins
  5 quokkas
  5 ball pythons
  5 bats
  4 frilled lizards
  6 kobolds
  7 rats
81 creatures vanquished.

Notes
Turn   | Place    | Note
-------+----------+-------------------------------------------
     0 | D:1      | Ablot the Gnoll Chaos Knight began the quest for the Orb.
     0 | D:1      | Reached XP level 1. HP: 23/23 MP: 1/1
    47 | D:1      | XOM: silly message
   151 | D:1      | XOM: divination: magic mapping
   299 | D:1      | Reached XP level 2. HP: 29/29 MP: 2/2
   709 | D:1      | Reached XP level 3. HP: 35/35 MP: 3/3
   789 | D:1      | XOM: noise
   948 | D:2      | XOM: cloud trail
   960 | D:2      | XOM: smoke on damage
   973 | D:2      | Reached skill level 1 in Invocations
  1185 | D:2      | XOM: 2-stop teleportation journey
  1234 | D:2      | Reached skill level 1 in Long Blades
  1234 | D:2      | Reached skill level 1 in Axes
  1234 | D:2      | Reached skill level 1 in Maces & Flails
  1234 | D:2      | Reached skill level 1 in Polearms
  1234 | D:2      | Reached skill level 1 in Staves
  1234 | D:2      | Reached skill level 1 in Slings
  1234 | D:2      | Reached skill level 1 in Bows
  1234 | D:2      | Reached skill level 1 in Crossbows
  1234 | D:2      | Reached skill level 1 in Throwing
  1234 | D:2      | Reached skill level 1 in Stealth
  1234 | D:2      | Reached skill level 1 in Shields
  1234 | D:2      | Reached skill level 1 in Unarmed Combat
  1234 | D:2      | Reached skill level 1 in Spellcasting
  1234 | D:2      | Reached skill level 1 in Evocations
  1335 | D:2      | Reached XP level 4. HP: 40/41 MP: 5/5
  1732 | D:3      | Reached skill level 1 in Conjurations
  1732 | D:3      | Reached skill level 1 in Hexes
  1732 | D:3      | Reached skill level 1 in Summonings
  1732 | D:3      | Reached skill level 1 in Necromancy
  1732 | D:3      | Reached skill level 1 in Translocations
  1732 | D:3      | Reached skill level 1 in Transmutations
  1732 | D:3      | Reached skill level 1 in Fire Magic
  1732 | D:3      | Reached skill level 1 in Ice Magic
  1732 | D:3      | Reached skill level 1 in Air Magic
  1732 | D:3      | Reached skill level 1 in Earth Magic
  1732 | D:3      | Reached skill level 1 in Poison Magic
  1753 | D:3      | XOM: give mutations
  1753 | D:3      | Gained mutation: You are dopey. (Int -2) [Xom's mischief]
  1753 | D:3      | Gained mutation: You are frail. (-10% HP) [Xom's mischief]
  1753 | D:3      | Gained mutation: You are very frail. (-20% HP) [Xom's
                  | mischief]
  1768 | D:3      | Reached XP level 5. HP: 37/37 MP: 6/6
  1774 | D:3      | Found a glowing silver altar of Zin.
  2025 | D:3      | Found a faded altar of an unknown god.
  2709 | D:4      | Learned a level 1 spell: Sting
  2753 | D:4      | Identified the +1 helmet of Pantheism {Dex+4}
  2753 | D:4      | Noticed Robin
  2972 | D:4      | Killed Robin
  3233 | D:4      | Noticed a phantom
  3258 | D:4      | Killed a phantom
  3259 | D:4      | Reached XP level 6. HP: 4/42 MP: 8/8
  3467 | D:4      | XOM: 4-stop teleportation journey
  3558 | D:4      | XOM: give mutations
  3558 | D:4      | Gained mutation: You have sharp toenails. [Xom's mischief]
  3558 | D:4      | Gained mutation: You sometimes lose the ability to read
                  | scrolls when taking damage. [Xom's mischief]
  3624 | D:4      | XOM: summons 2 hostile demons
  3925 | D:4      | XOM: chaos upgrade
  3930 | D:4      | Annihilated by an ogre

Illustrated notes

Levels and vault maps discovered:
D:1:      tarquinn_simple_flora_water_d, layout_loops_cross,
          minmay_misc_feat_hallway
D:2:      layout_basic, nicolae_elevator_lobby_asterisk
D:3:      layout_basic, mainiacjoe_overflow_six_doors_small,
          basic_ecumenical_altar, kennysheep_boxes
D:4:      layout_cave_pods, uniq_robin

Skill      XL: |  1  2  3  4  5 |
---------------+----------------+-----
Invocations    | 1 2 |  2.1
Long Blades    | 1 |  1.9
Axes           | 1 |  1.9
Maces & Flails | 1 |  1.9
Polearms       | 1 |  1.9
Staves         | 1 |  1.9
Slings         | 1 |  1.9
Bows           | 1 |  1.9
Crossbows      | 1 |  1.9
Throwing       | 1 |  1.9
Stealth        | 1 |  1.9
Shields        | 1 |  1.9
Unarmed Combat | 1 |  1.9
Spellcasting   | 1 |  1.9
Evocations     | 1 |  1.9
Conjurations   | 1 |  1.5
Hexes          | 1 |  1.5
Summonings     | 1 |  1.5
Necromancy     | 1 |  1.5
Translocations | 1 |  1.5
Transmutations | 1 |  1.5
Fire Magic     | 1 |  1.5
Ice Magic      | 1 |  1.5
Air Magic      | 1 |  1.5
Earth Magic    | 1 |  1.5
Poison Magic   | 1 |  1.5
Dodging        | 3 |  3.2
Fighting       | |  6.8
Short Blades   | |  6.8
Armour         | |  4.9

Action                   |  1- 3 |  4- 6 || total
-------------------------+-------+-------++-------
Melee: Short sword       |   109 |   210 ||   319
       Bite              |     6 |    20 ||    26
       Punch             |     5 |     3 ||     8
       Kick              |       |     4 ||     4
Throw: Javelin           |       |     5 ||     5
 Stab: Paralysed         |     2 |       ||     2
       Petrifying        |       |     1 ||     1
Armor: Leather armour    |    27 |   108 ||   135
Dodge: Dodged            |    39 |    95 ||   134
